Unix NetHack Version 5.0.0-0 post-release - last build May 10 2026 23:12:36 (d1fa5d53e341ca933230fdaa984d921c805b60aa,branch:main).

Game began 2026-05-11 04:47:35, ended 2026-05-11 05:28:07.

Gadzook, neutral male human Wizard

              .--
             ....
             .--.
             ..G.

Gadzook the Thaumaturge   St:8 Dx:15 Co:16 In:18 Wi:11 Ch:10  Neutral
Dlvl:9  $:62 HP:0(54) Pw:13(69) AC:4  Xp:7/734 T:3565 

Latest messages:
 There are several objects here.
 i - 2 pancakes.
 You swap places with Patch.
 You miss the dingo.
 The dingo bites!
 You hit the dingo!
 The dingo bites!
 In what direction?
 The dagger misses the dingo.
 The dingo just misses!
 Patch picks up a hooded cloak.
 In what direction?
 The dagger hits the dingo.
 The dingo bites!
 In what direction?
 You kill the dingo!
 You feel more confident in your spell casting skills.
 v - 2 uncursed daggers (at the ready) (18 in total).
 You see here a dingo corpse.
 Patch drops a hooded cloak.
 There is a dingo corpse here; eat it? [ynq] (n)
 This dingo corpse is gamey.
 You finish eating the dingo corpse.
 Patch suddenly falls asleep!
 #
 Patch doesn't seem to move!
 Patch doesn't seem to move!
 Patch doesn't seem to move!
 Patch doesn't seem to move!
 Patch doesn't seem to move!
 Patch picks up a hooded cloak.
 You hear some noises in the distance.
 Really step into that hole? [yn] (n)
 There's a gaping hole under you!
 You fall down a shaft!
 You see here a vulgar polearm.
 You smell a dragon!
 You hit the gnome lord!
 You are hit by a crossbow bolt!
 You are hit by a crossbow bolt!
 Pick a monster, object or location.
 D        a dragon (baby orange dragon)
 What do you want to zap? [cgIY or ?*]
 In what direction?
 The bolt of cold hits the baby orange dragon!
 The bolt of cold hits the baby orange dragon!
 The bolt of cold hits you!
 You die...
 Do you want your possessions identified? [ynq] (y)
 Do you want to see your attributes? [ynq] (y)

Inventory:
 Coins    ('$')
  $ - 62 gold pieces
 Weapons  (')')
  v - 18 +0 daggers (at the ready)
  a - a blessed +1 quarterstaff (weapon in hands)
 Armor    ('[')
  E - an uncursed +1 dwarvish iron helm (being worn)
  C - an uncursed +0 pair of iron shoes (being worn)
  b - an uncursed +0 cloak of magic resistance (being worn)
 Comestibles  ('%')
  L - an uncursed candy bar labeled "Crispy Yum Yum"
  p - 4 uncursed food rations
  o - an uncursed orange
  i - 2 uncursed pancakes
 Scrolls  ('?')
  Z - a blessed scroll of destroy armor
  f - an uncursed scroll of enchant armor
  W - a blessed scroll of light
 Potions  ('!')
  N - a cursed potion of full healing
  Q - an uncursed potion of restore ability
 Rings    ('=')
  d - an uncursed ring of cold resistance
  O - a cursed ring of hunger
  e - an uncursed ring of regeneration
 Wands    ('/')
  c - a wand of cold (0:3)
  g - a cursed wand of cold (0:4)
  I - a wand of magic missile (0:6)
  Y - a cursed wand of polymorph (0:5)
 Tools    ('(')
  R - an empty uncursed bag of holding
  J - an uncursed lock pick
  P - an uncursed magic whistle
  K - 2 uncursed tallow candles
  h - a cursed tallow candle
  M - an uncursed towel
 Gems/Stones  ('*')
  S - an uncursed worthless piece of black glass

Gadzook the Wizard's attributes:

Background:
 You were a Thaumaturge, a level 7 male human Wizard.
 You were neutral, on a mission for Thoth
 who was opposed by Ptah (lawful) and Anhur (chaotic).
 You were left-handed.
 You were in the Gnomish Mines, on level 9.
 You entered the dungeon 3565 turns ago.
 It was nighttime.
 You had 734 experience points, 546 more were needed to attain level 8.

Basics:
 You had 0 out of 54 hit points.
 You had 13 out of 69 energy points (spell power).
 Your armor class was 4.
 Your wallet contained 62 zorkmids.
 Autopickup was on for '$?!/="+' plus thrown, with exceptions.

Final Characteristics:
 Your strength was 8 (limit:18/100).
 Your dexterity was 15 (limit:18).
 Your constitution was 16 (limit:18).
 Your intelligence was 18 (limit:18).
 Your wisdom was 11 (limit:18).
 Your charisma was 10 (limit:18).

Final Status:
 You weren't hungry.
 You were unencumbered.
 You were wielding a quarterstaff.
 You had basic skill with quarterstaff and could have enhanced that.

Final Attributes:
 You were piously aligned.
 You were magic-protected.
 You were warded.
 You are dead.

Miscellaneous:
 You didn't encounter any bones levels.
 Total elapsed playing time was 40 minutes and 31 seconds.

Major events:
 Turn
    1: Gadzook the neutral male human Wizard entered the dungeon
  806: attained the rank of Conjurer (level 3)
  813: entered the Gnomish Mines
 2027: reached Mine Town
 2031: attained the rank of Thaumaturge (level 6)
 3565: killed by a bolt of cold zapped by himself

Spells:
 Name                 Level Category     Fail Retention
 force bolt             1   attack         0%   81%-90%
 magic missile          2   attack         0%   81%-90%

Skills:
 Fighting Skills
   bare handed combat [Unskilled]
   riding             [Unskilled]
 Weapon Skills
   dagger             [Basic]
   knife              [Unskilled]
   axe                [Unskilled]
   short sword        [Unskilled]
   club               [Unskilled]
   mace               [Unskilled]
   quarterstaff       [Basic]
   polearms           [Unskilled]
   spear              [Unskilled]
   trident            [Unskilled]
   sling              [Unskilled]
   dart               [Unskilled]
   shuriken           [Unskilled]
 Spellcasting Skills
   attack spells      [Basic]
   healing spells     [Unskilled]
   divination spells  [Unskilled]
   enchantment spells [Basic]
   clerical spells    [Unskilled]
   escape spells      [Unskilled]
   matter spells      [Unskilled]

Voluntary challenges:
 Character rerolling was not enabled.
 You never genocided any monsters.
 You never polymorphed an object.
 You never changed form.
 You used no wishes.
Achievements:
 You attained the rank of Conjurer.
 You entered the Gnomish Mines.
 You entered Minetown.
 You entered a shop.
 You attained the rank of Thaumaturge.
 You entered a temple.

 The Dungeons of Doom: levels 1 to 4
    Level 1:
       An altar, a sink.
    Level 2:
       A fountain.
       Stairs down to The Gnomish Mines.
    Level 3:
       An altar to Thoth, a fountain.
    Level 4:
 The Gnomish Mines: levels 3 to 9
    Level 3:
    Level 4:
    Level 5:
       Many shops, a temple and an altar to Thoth, some fountains.
    Level 6:
    Level 7:
    Level 9: <- You were here.
       Final resting place for
          you, killed by a bolt of cold zapped by yourself.


Vanquished creatures:
  a spotted jelly
  a dingo
  a jaguar
  a snake
  a human zombie
 an imp
  a mountain nymph
  a rock piercer
  4 gnome leaders
  3 gnomish wizards
  3 giant ants
 11 dwarves
  a rothe
  a giant bat
 an orc zombie
 an iguana
 an acid blob
  2 coyotes
  2 hobbits
  a brown mold
 38 gnomes
  2 gnome zombies
  3 geckos
  4 jackals
  2 foxes
  5 goblins
  5 grid bugs
  a lichen
  8 newts
107 creatures vanquished.

No species were genocided or became extinct.

Game over:
                       ----------
                      /          \
                     /    REST    \
                    /      IN      \
                   /     PEACE      \
                  /                  \
                  |     Gadzook      |
                  |      62 Au       |
                  | killed by a bolt |
                  |  of cold zapped  |
                  |    by himself    |
                  |                  |
                  |       2026       |
                 *|     *  *  *      | *
        _________)/\\_//(\/(/\)/\//\/|_)_______

Goodbye Gadzook the Wizard...

You died in The Gnomish Mines on dungeon level 9 with 3392 points,
and 62 pieces of gold, after 3565 moves.
You were level 7 with a maximum of 54 hit points when you died.

